 Dungeon Crawl Stone Soup version 0.29.0-11-gd7f09526c8 (webtiles) character file.

Game seed: 5527714651588326730

22 CrazyBamboolord the Grave Robber (level 2, -1/19 HPs)
             Began as a Mummy Necromancer on Sept 6, 2022.
             Slain by a quokka (4 damage)
             ... on level 1 of the Dungeon.
             The game lasted 00:03:17 (783 turns).

CrazyBamboolord the Grave Robber (Mummy Necromancer) Turns: 783, Time: 00:03:18

Health: -1/19      AC:  2    Str: 11    XL:     2   Next: 68%
Magic:  0/6        EV: 12    Int: 14    God:
Gold:   75         SH:  0    Dex: 12    Spells: 6/7 levels left

rFire   x . .      SeeInvis .   (no weapon)
rCold   + . .      Faith    .   (no shield)
rNeg    + + +      Spirit   .   a - +0 robe
rPois   ∞          Reflect  .   (no helmet)
rElec   .          Harm     .   (no cloak)
rCorr   .          Rampage  .   (no gloves)
Will    .....                   (no boots)
Stlth   ++........              (no amulet)
HPRegen 0.06/turn               (no ring)
MPRegen 0.10/turn               (no ring)

@: no status effects
A: cold resistance 1, negative energy resistance 3, torment resistance 2, heat
vulnerability 1, no potions
a: no special abilities


You were on level 1 of the Dungeon.
You visited 1 branch of the dungeon, and saw 2 of its levels.

You collected 75 gold pieces.

Inventory:

Armour
 a - a +0 robe (worn)
Jewellery
 b - an amulet of faith
Scrolls
 c - a scroll of amnesia {unknown}


   Skills:
 * Level 1.6 Dodging
 - Level 1.5 Stealth
 * Level 3.3 Spellcasting
 * Level 0.2 Hexes
 * Level 4.4 Necromancy


You had 6 spell levels left.
You knew the following spells:

 Your Spells              Type           Power      Damage    Failure   Level
a - Necrotise             Necr           56%        1d6       3%          1

Your spell library contained the following spells:

 Spells                   Type           Power      Damage    Failure   Level
 Vampiric Draining        Necr           14%        2d7       10%         3
 Ensorcelled Hibernation  Hex/Ice        4%         N/A       30%         2
 Passwall                 Tmut/Erth      1%         N/A       32%         2
 Animate Dead             Necr           14%        N/A       32%         4
 Dazzling Flash           Conj/Hex       4%         N/A       52%         3
 Swiftness                Air            2%         N/A       54%         3
 Agony                    Necr           14%        N/A       67%         5
 Summon Ice Beast         Ice/Summ       2%         N/A       91%         4
 Silence                  Hex/Air        1%         N/A       99%         5
 Summon Mana Viper        Hex/Summ       2%         N/A       99%         5
 Monstrous Menagerie      Summ           1%         N/A       100%        7


Dungeon Overview and Level Annotations

Branches:
Dungeon (2/15)

Altars:


Innate Abilities, Weirdness & Mutations

You are immune to poison.
Your flesh is cold resistant. (rC+)
You are immune to negative energy. (rN+++)
You are immune to unholy pain and torment.
You are vulnerable to heat. (rF-)
You do not drink.


Message History

The quokka barely misses you.
Your jackal skeleton closely misses the quokka.
The kobold hits your jackal skeleton with a +0 club.
You climb upwards.
Your mindless puppets stay behind to rot.
There is a stone staircase leading down here.
You hit the quokka.
The quokka is severely wounded.
The quokka bites you.
You are too injured to fight recklessly!
You are too injured to fight recklessly!
You closely miss the quokka.
The quokka is severely wounded.
The quokka barely misses you.
You barely miss the quokka.
The quokka is severely wounded.
The quokka misses you. The quokka barely misses you.
You hit the quokka but do no damage.
The quokka is severely wounded.
The quokka bites you.
* * * LOW HITPOINT WARNING * * *
The quokka attacks as you move away! The quokka barely misses you.
Aiming: Necrotise (safe; 3% risk of failure)
Press: ? - help, Q - select action Shift-Dir - straight line, f - quokka
Aim: a quokka (severely wounded, chance to affect: 84%)
You miscast Necrotise.
You are very lightly contaminated with residual magic.
Nothing appears to happen.
The quokka closely misses you. The quokka misses you.
The quokka attacks as you move away! The quokka closely misses you.
The quokka barely misses you. The quokka bites you.
* * * LOW HITPOINT WARNING * * *
Your magical contamination has completely faded away.
The quokka attacks as you move away! The quokka barely misses you.
Aiming: Necrotise (safe; 3% risk of failure)
Press: ? - help, Q - select action Shift-Dir - straight line, f/p - quokka
Aim: a quokka (severely wounded, chance to affect: 84%)
The quokka barely resists.
The quokka bites you.
You die...

##....#### ### ###.....# #.#
###.#.# #.#####
#.#.#####.##... #######
#.#.......##... ##.....##
#.Z......###... ##.......##
###.###........
#.........####.......####...
#.........#@...####..## #...
#.........r.#### #...###...
#....(....### #....#....
#.........# ###.##......
#.........# #...##..#...
#......>..# #.###.......
#.....>...# #####.#...###...
#.........###.......### #...
#.........#...###(### #...


You could see a quokka.

Vanquished Creatures
  A dart slug (D:1)
  4 bats
  An endoplasm (D:1)
  A giant cockroach (D:2)
  5 jackals
  A kobold (D:1)
  2 quokkas (D:1)
  A rat (D:1)
16 creatures vanquished.

Vanquished Creatures (collateral kills)
  A jackal (D:1)
1 creature vanquished.

Grand Total: 17 creatures vanquished

Notes
Turn   | Place    | Note
-------+----------+-------------------------------------------
     0 | D:1      | CrazyBamboolord the Mummy Necromancer began the quest for
                  | the Orb.
     0 | D:1      | Reached XP level 1. HP: 13/13 MP: 4/4
    90 | D:1      | Found a faded altar of an unknown god.
   230 | D:1      | Reached XP level 2. HP: 19/19 MP: 0/5
   783 | D:1      | Slain by a quokka

Illustrated notes

Levels and vault maps discovered:
D:1:      dpeg_arrival_simpleton_c, layout_rooms,
          hellmonk_ecumenical_altar_slurped_away
D:2:      layout_basic, uniq_natasha

Skill      XL: |  1  2 |
---------------+-------+-----
Spellcasting   | 3 |  3.3
Dodging        | |  1.6
Stealth        | |  1.5
Hexes          | |  0.2
Necromancy     | |  4.4

Action                   || total
-------------------------++-------
Melee: Unarmed           ||    24
 Cast: Necrotise         ||    36
Armor: Robe              ||     6
Dodge: Dodged            ||    32
